 Dungeon Crawl Stone Soup version 0.22-a0-32-ga749362 (webtiles) character file.

506 Gorice the Cleaver (level 7, -9/57 HPs)
             Began as a Hill Orc Fighter on Jan 3, 2018.
             Mangled by an ogre
             ... wielding a cursed -1 giant club
              (23 damage)
             ... on level 4 of the Dungeon.
             The game lasted 00:12:27 (4133 turns).

Gorice the Cleaver (Hill Orc Fighter)               Turns: 4133, Time: 00:12:28

Health: -9/57      AC: 10    Str: 19    XL:     7   Next: 18%
Magic:  7/7        EV:  7    Int: 10    God:
Gold:   141        SH:  9    Dex: 10    Spells: 6/6 levels left

rFire    + . .     SeeInvis .   a - +0 war axe
rCold    . . .     Gourm    .   c - +0 shield
rNeg     . . .     Faith    .   k - +3 scale mail {rF+}
rPois    .         Spirit   .   (no helmet)
rElec    .         Reflect  .   (no cloak)
rCorr    +         Harm     .   (no gloves)
MR       .....                  (no boots)
Stlth    +.........             (no amulet)
HPRegen  0.19/turn              e - ring of resist corrosion
MPRegen  0.10/turn              p - ring of stealth

@: no status effects
A: no striking features
a: no special abilities


You were on level 4 of the Dungeon.
You were hungry.

You visited 1 branch of the dungeon, and saw 4 of its levels.

You collected 141 gold pieces.

Inventory:

Hand Weapons
 a - a +0 war axe (weapon)
Missiles
 n - a javelin (quivered)
 t - 13 sling bullets
 Y - 120 stones
Armour
 b - a +1 scale mail
 c - a +0 shield (worn)
 k - a +3 scale mail of fire resistance (worn)
   (You took it off Terence on level 3 of the Dungeon)
Jewellery
 e - a ring of resist corrosion (left hand)
 p - a ring of stealth (right hand)
Wands
 g - a wand of iceblast (5)
 j - a wand of polymorph (4)
 q - a wand of paralysis (12)
 u - a wand of flame (24)
Scrolls
 h - 2 scrolls of blinking
 i - 2 scrolls of remove curse
 r - 2 scrolls of fog
 s - a scroll of magic mapping {!r}
 v - a scroll of enchant weapon {unknown}
 w - a scroll of teleportation {unknown}
 y - a scroll of identify
Potions
 d - a potion of might {!q}
 l - 4 potions of lignification {!q}
 m - a potion of curing
 o - 2 potions of haste {!q}
Comestibles
 f - 6 rations


   Skills:
 - Level 3.6 Fighting
 * Level 8.3 Axes
 + Level 5.6 Armour
 - Level 3.2 Shields


You had 6 spell levels left.
You didn't know any spells.

Dungeon Overview and Level Annotations

Branches:
Dungeon (4/15)
 Temple: D:4-7

Altars:
Dithmenos
Fedhas
Hepliaklqana
Nemelex Xobeh
Ru
Sif Muna
Trog
Zin


Message History

You block the orc's attack.
You barely miss the orc. The orc barely misses you.
You hit the orc but do no damage.
You are feeling hungry.
The orc hits you but does no damage.
You slash the orc!
You kill the orc!
An ogre comes into view. It is wielding a giant club.
The ogre shouts!
Items here: ( )) [[ † Throwing (i - inventory. (,) - cycle):
n - 4 javelins (quivered)
Press: ? - help, Shift-Dir - straight line, f - ogre
Aim: an ogre, wielding a giant club You throw a javelin.
The javelin hits the ogre but does no damage.
An orc comes into view. It is wielding a whip.
Throwing (i - inventory. (,) - cycle):
n - 3 javelins (quivered)
Press: ? - help, Shift-Dir - straight line, f/p - ogre
Aim: an ogre, wielding a giant club You throw a javelin.
The javelin completely misses the ogre.
The orc shouts!
Throwing (i - inventory. (,) - cycle):
n - 2 javelins (quivered)
Press: ? - help, Shift-Dir - straight line, f - orc, p - ogre
Aim: an orc, wielding a whip You throw a javelin.
The javelin hits the ogre.
The ogre is moderately wounded.
You hit the ogre but do no damage.
The ogre is moderately wounded.
The ogre hits you with a giant club!
Damage: 12 (max 12)
You completely miss the ogre.
The ogre is moderately wounded.
You completely miss the ogre.
The ogre is moderately wounded.
The ogre barely misses you.
You hit the ogre.
The ogre is moderately wounded.
The ogre hits you with a giant club!!
* * * LOW HITPOINT WARNING * * *
Damage: 18 (max 18)
Your shield prevents you from hitting the ogre.
The ogre is moderately wounded.
You block the ogre's attack.
You barely miss the ogre.
The ogre is moderately wounded.
The ogre barely misses you.
Your shield and scale mail prevent you from hitting the ogre.
The ogre is moderately wounded.
The ogre hits you with a giant club!!
You die...

#.#####
##.....###. #.#
##...## #. #.#
##.## #. #.#
#.#
#.###########.#
#.............#
#.#############
#.##### #.)@Oo#
#.###...((..
#.# ####... #..
. ###


You could see an ogre and an orc.

Vanquished Creatures
  Sigmund (D:3)
  A scorpion (D:4)
  An orc wizard (D:4)
  2 worker ants (D:4)
  Terence (D:3)
  8 adders
  3 gnolls (D:4)
  An ooze (D:3)
  3 worms
  2 leopard geckos
  10 orcs
  A ball python (D:3)
  4 bats (D:1)
  7 giant cockroaches
  9 goblins
  8 jackals
  4 kobolds
  2 frilled lizards (D:3)
  2 rats
70 creatures vanquished.

Notes
Turn   | Place    | Note
-------+----------+-------------------------------------------
     0 | D:1      | Gorice the Hill Orc Fighter began the quest for the Orb.
     0 | D:1      | Reached XP level 1. HP: 19/19 MP: 1/1
   117 | D:1      | Reached skill level 3 in Axes
   169 | D:1      | Reached XP level 2. HP: 22/26 MP: 2/2
   727 | D:1      | Reached skill level 4 in Axes
   943 | D:2      | Reached XP level 3. HP: 31/31 MP: 3/3
  1282 | D:2      | Noticed Sigmund
  1575 | D:2      | Reached skill level 4 in Armour
  1747 | D:2      | Reached XP level 4. HP: 39/39 MP: 4/4
  2129 | D:3      | Reached skill level 5 in Axes
  2443 | D:3      | Noticed Terence
  2458 | D:3      | Killed Terence
  2667 | D:3      | Reached XP level 5. HP: 43/45 MP: 5/5
  2753 | D:3      | Killed Sigmund
  2753 | D:3      | Reached skill level 7 in Axes
  2753 | D:3      | Reached skill level 5 in Armour
  2753 | D:3      | Reached XP level 6. HP: 51/51 MP: 6/6
  3457 | D:4      | Found a deep blue altar of Sif Muna.
  3482 | D:4      | Found a blossoming altar of Fedhas.
  3484 | D:4      | Found a bloodstained altar of Trog.
  3486 | D:4      | Found a glowing silver altar of Zin.
  3488 | D:4      | Found a shadowy altar of Dithmenos.
  3488 | D:4      | Found a sparkling altar of Nemelex Xobeh.
  3488 | D:4      | Found a sacrificial altar of Ru.
  3488 | D:4      | Found a hazy altar of Hepliaklqana.
  3535 | D:4      | Reached skill level 8 in Axes
  3535 | D:4      | Reached XP level 7. HP: 57/57 MP: 7/7
  3599 | D:4      | HP: 17/57 [something (3)]
  3604 | D:4      | HP: 11/57 [something/puff of flame (2)]
  4130 | D:4      | HP: 14/57 [ogre/giant club (18)]
  4133 | D:4      | Mangled by an ogre

Vault maps used:
D:1:      nicolae_arrival_memento_mori
D:2:      uniq_sigmund
D:3:      uniq_terence
D:4:      grunt_temple_overflow_open

Skill      XL: |  1  2  3  4  5  6 |
---------------+-------------------+-----
Axes           | 3 4 5 7 8 |  8.3
Armour         | 4 5 |  5.6
Fighting       | |  3.6
Shields        | |  3.2

Action                   |  1- 3 |  4- 6 |  7- 9 || total
-------------------------+-------+-------+-------++-------
Melee: War axe           |    95 |   119 |    61 ||   275
Throw: Stone             |     3 |       |       ||     3
       Javelin           |       |     2 |     3 ||     5
Evoke: Wand              |       |     5 |     1 ||     6
  Use: Scroll            |       |     9 |     1 ||    10
  Eat: Chunk             |     2 |     6 |     2 ||    10
Armor: Scale mail        |    54 |    55 |    17 ||   126
       Skin              |       |     2 |       ||     2
Dodge: Dodged            |    32 |    28 |    15 ||    75
Block: Shield            |    45 |    59 |    18 ||   122

Table legend:
 A = Spawn XP
 B = Non-spawn XP
 C = Spawn XP percentage of total XP
 D = Spawn monster count
 E = Non-spawn monster count
 F = Spawn count percentage of total count
 G = Total turns spent on level
                    A         B        C        D         E        F      G
               +---------+---------+-------+---------+---------+-------+---------
         Total |       0 |     723 |   0.0 |       0 |      70 |   0.0 |  4133
               +---------+---------+-------+---------+---------+-------+---------
           D:1 |       0 |      31 |   0.0 |       0 |      17 |   0.0 |   976
           D:2 |       0 |      59 |   0.0 |       0 |      16 |   0.0 |  1289
           D:3 |       0 |     331 |   0.0 |       0 |      17 |   0.0 |  1030
           D:4 |       0 |     302 |   0.0 |       0 |      20 |   0.0 |   838
               +---------+---------+-------+---------+---------+-------+---------

Table legend:
 A = Turns spent in this place as a percentage of turns spent in the entire game.
 B = Non-inter-level travel turns spent in this place as a percentage of non-inter-level travel turns spent in the entire game.
 C = Inter-level travel turns spent in this place as a percentage of turns spent in this place.
 D = Turns resting spent in this place as a percentage of non-inter-level travel turns spent in this place.
 E = Turns spent auto-exploring this place as a percentage of non-inter-level travel turns spent in this place.
 F = Non-inter-level travel turns spent in this place divided by the number of levels of this place that you've seen.
                   A       B       C       D       E      F
               +-------+-------+-------+-------+-------+----------------------
         Total | 100.0 | 100.0 |   4.8 |  17.1 |  54.5 | 983.5
       Dungeon | 100.0 | 100.0 |   4.8 |  17.1 |  54.5 | 983.5
               +-------+-------+-------+-------+-------+----------------------

Vault maps used:
D:1:      nicolae_arrival_memento_mori
D:2:      uniq_sigmund
D:3:      uniq_terence
D:4:      grunt_temple_overflow_open
